 Dungeon Crawl Stone Soup version 0.31-a0-1-g4198be8af4 (webtiles) character file.

Game seed: 4685209963094175896

12399 dracfodder the Destroyer (level 11, -4/126 HPs)
             Began as a Black Draconian Conjurer on Apr 30, 2023.
             Was a Follower of Vehumet.
             Slain by an elephant (8 damage)
             ... on level 2 of the Lair of Beasts on May 1, 2023.
             The game lasted 01:25:23 (13992 turns).

dracfodder the Destroyer (DrCj)                    Turns: 13992, Time: 01:25:27

Health: -4/126     AC: 13    Str:  9    XL:     11   Next: 61%
Magic:  5/34       EV: 13    Int: 35    God:    Vehumet [*.....]
Gold:   324        SH:  0    Dex:  9    Spells: 15/29 levels left

rFire   . . .        a - +1 trident (flame)
rCold   + . .        (no shield)
rNeg    . . .        (body armour unavailable)
rPois   +            F - +3 hat of Pondering {ponderous, Will+ MP+10 Int+5}
rElec   +            g - +1 cloak
rCorr   .            v - +0 pair of gloves of Pyulon {rPois rC+}
SInv    +            (no boots)
Will    +....        (no amulet) Stlth
                     b - +6 ring of intelligence
HPRegen 0.41/turn    q - ring of see invisible
MPRegen 0.24/turn

%: no passive effects
@: berserking, very quick
A: breathe lightning, AC +7, unfitting armour, electricity resistance,
cold-blooded
a: Breathe Lightning, Renounce Religion


You were on level 2 of the Lair of Beasts.
You worshipped Vehumet.
Vehumet was aware of your devotion.
You visited 3 branches of the dungeon, and saw 14 of its levels.

You collected 424 gold pieces.
You spent 100 gold pieces at shops.

Inventory:

Hand Weapons
 a - a +1 trident of flaming (weapon)
 j - a +0 short sword of freezing
 m - a +2 mace of holy wrath
Missiles
 p - 6 silver javelins
 u - 4 javelins
 A - a throwing net
Armour
 g - a +1 cloak (worn)
 v - the +0 pair of gloves of Pyulon (worn) {rPois rC+}
   (You found it on level 5 of the Dungeon)

   rC:        It protects you from cold.
   rPois:     It protects you from poison.
 F - the +3 hat of Pondering (worn) {ponderous, Will+ MP+10 Int+5}
   (You took it off Gastronok on level 8 of the Dungeon)

   Int:       It affects your intelligence (+5).
   MP:        It affects your magic capacity (+10).
   Will:      It increases your willpower.
Magical Staves
 l - a staff of death
 D - a staff of conjuration
Jewellery
 b - a +6 ring of intelligence (left hand)
 q - a ring of see invisible (right hand)
 s - a +6 ring of strength
Wands
 c - a wand of digging (4)
 x - a wand of flame (2)
 z - a wand of charming (5)
 E - a wand of mindburst (33)
Scrolls
 e - a scroll of silence
 n - 2 scrolls of fog
 t - a scroll of teleportation
 y - 2 scrolls of identify
 B - 2 scrolls of magic mapping {unknown}
 G - a scroll of acquirement {unknown}
Potions
 h - a potion of might
 i - a potion of cancellation
 o - 3 potions of curing
 r - 2 potions of haste
 w - a potion of brilliance
 C - a potion of lignification {unknown}


   Skills:
 + Level 4.3 Fighting
 + Level 4.8 Polearms
 + Level 3.6 Throwing
 + Level 6.6 Dodging
 + Level 5.2 Stealth
 + Level 9.5 Spellcasting
 + Level 10.5 Conjurations
 + Level 3.4 Hexes
 + Level 2.5 Translocations
 + Level 0.6 Evocations


You had 15 spell levels left.
You knew the following spells:

 Your Spells              Type           Power      Damage    Failure   Level
a - Magic Dart            Conj           100%       1d8       1%          1
b - Searing Ray           Conj           100%       2d8       1%          2
c - Dazzling Flash        Conj/Hex       100%       N/A       1%          3
d - Fulminant Prism       Conj/Hex       30%        3d15      1%          4
e - Iskenderun's Mystic   Conj/Tloc      58%        2d12      1%          4

Your spell library contained the following spells:

 Spells                   Type           Power      Damage    Failure   Level
 Freeze                   Ice            64%        1d7       2%          1
 Sublimation of Blood     Necr           16%        N/A       4%          2
 Wereblood                Tmut           16%        N/A       4%          2
 Summon Hydra             Summ           8%         N/A       100%        7


Dungeon Overview and Level Annotations

Branches:
Dungeon (11/15)            Temple (1/1) D:6            Lair (2/5) D:8
 Spider (0/4) Lair:2
  Swamp: Lair:2-3    Shoals: Lair:2-3       Orc: D:9-12

Altars:
Ashenzari
Cheibriados
Elyvilon
Fedhas
Gozag
Hepliaklqana
Kikubaaqudgha
Makhleb
Nemelex Xobeh
Qazlal
Ru
Sif Muna
Uskayaw
Vehumet
Wu Jian
Xom
The Shining One

Shops:
D:5 ?

Annotations:
D:8 2 transporters
Lair:1 Maggie


Innate Abilities, Weirdness & Mutations

You can breathe wild blasts of lightning.
Your glossy black scales are hard. (AC +7)
You cannot fit into any form of body armour.
You are resistant to electric shocks. (rElec)
You are cold-blooded and may be slowed by cold attacks.


Message History

The elephant trunk-slaps you but does no damage.
The elephant tramples you!
You stumble backwards!
Found a hole to the Spider Nest.
You hit the elephant. You burn the elephant.
The elephant is severely wounded.
The elephant tramples you!
* * * LOW HITPOINT WARNING * * *
You stumble backwards!
A redback comes into view.
You completely miss the elephant.
You tail-slap the elephant, but do no damage.
The elephant is severely wounded.
The elephant barely misses you. The elephant closely misses you.
You barely miss the elephant.
The elephant is severely wounded.
The elephant tramples you!
* * * LOW HITPOINT WARNING * * *
You stumble backwards!
You hit the elephant but do no damage.
The elephant is severely wounded.
The elephant completely misses you.
The elephant trunk-slaps you but does no damage.
You hit the elephant but do no damage.
The elephant is severely wounded.
The elephant tramples you.
* * * LOW HITPOINT WARNING * * *
You stumble backwards!
You hit the elephant. You burn the elephant.
The elephant is severely wounded.
The elephant tramples you but does no damage.
The elephant trunk-slaps you but does no damage.
The elephant tramples you but does no damage.
The elephant misses you.
A red film seems to cover your vision as you go berserk!
You feel yourself moving faster!
You feel mighty! The redback bites you.
* * * LOW HITPOINT WARNING * * *
The redback bites you!
* * * LOW HITPOINT WARNING * * *
The elephant tramples you!
You die...

#.. ## .. .. . ###..
### .#.# ..
#....##.##.#.##...
#.#................
#...................
#...................
#.....@............#
##.#.s#Y..#.......#
.#..........?...#
...P......#.......# .
~~.~~~............#..
.~~.~~.~...#..........
~.~.~.~~...#.......#
~~...~~~......<....#
..>................#


You could see an elephant and a redback.

Vanquished Creatures
  Gastronok (D:8)
  Pikel (D:8)
  4 elephants (Lair:1)
  A cane toad (Lair:1)
  A rime drake (Lair:1)
  A troll (D:11)
  Prince Ribbit (Lair:1)
  A hornet (D:11)
  6 blink frogs (Lair:1)
  Sigmund (D:4)
  A vampire (D:10)
  3 shadows (D:11)
  11 yaks
  A steam dragon (D:6)
  4 water moccasins
  A sky beast (D:8)
  2 ice beasts
  4 orc warriors
  A black bear (D:7)
  An ogre (D:5)
  11 wolves
  4 centaurs
  A lemure (D:8)
  2 phantoms (D:5)
  4 kobold brigands
  2 scorpions
  5 bullfrogs
  A gnoll sergeant (D:9)
  3 wights (D:9)
  4 killer bees
  4 jellies
  A gnoll bouda (D:5)
  2 hounds
  3 sleepcaps (D:6)
  2 orc priests
  Jessica (D:2)
  5 iguanas
  6 orc wizards
  A statue (D:8)
  11 gnolls
  9 adders
  2 shadow imps
  5 white imps
  2 ufetubi (D:5)
  4 worms
  4 dart slugs
  38 orcs
  10 endoplasms
  3 giant cockroaches
  6 goblins
  10 hobgoblins
  4 jackals
  28 kobolds
  3 quokkas
  A ball python (D:1)
  4 bats
  2 frilled lizards (D:1)
  5 rats
  A fulminant prism (D:8)
261 creatures vanquished.

Vanquished Creatures (others)
  36 fulminant prisms
  6 fungi
  8 plants
50 creatures vanquished.

Grand Total: 311 creatures vanquished

Notes
Turn   | Place    | Note
-------+----------+-------------------------------------------
     0 | D:1      | dracfodder the Draconian Conjurer began the quest for the
                  | Orb.
     0 | D:1      | Reached XP level 1. HP: 14/14 MP: 3/3
   145 | D:1      | Reached XP level 2. HP: 16/20 MP: 0/5
   195 | D:1      | Learned a level 2 spell: Searing Ray
   522 | D:1      | Reached XP level 3. HP: 26/26 MP: 3/6
   526 | D:1      | Learned a level 3 spell: Dazzling Flash
  1167 | D:2      | Reached skill level 5 in Conjurations
  1480 | D:2      | Reached XP level 4. HP: 33/33 MP: 3/7
  1626 | D:2      | Noticed Jessica
  1629 | D:2      | Killed Jessica
  2443 | D:3      | Reached skill level 1 in Throwing
  2576 | D:3      | Reached XP level 5. HP: 36/38 MP: 4/8
  3685 | D:4      | Reached XP level 6. HP: 45/45 MP: 4/10
  4029 | D:4      | Noticed Sigmund
  4042 | D:4      | Killed Sigmund
  4043 | D:4      | Reached skill level 6 in Conjurations
  4680 | D:4      | Learned a level 4 spell: Fulminant Prism
  4769 | D:5      | Entered Level 5 of the Dungeon
  4808 | D:5      | Your scales start taking on a glossy black colour.
  4808 | D:5      | Reached XP level 7. HP: 51/51 MP: 5/12
  4808 | D:5      | Gained mutation: You are resistant to electric shocks.
                  | (rElec) [Black Draconian growth]
  5446 | D:5      | Reached skill level 1 in Polearms
  5613 | D:5      | Found a snail-covered altar of Cheibriados.
  5761 | D:5      | Identified the +0 pair of gloves of Pyulon {rPois rC+}
  5770 | D:5      | Reached XP level 8. HP: 58/58 MP: 7/15
  6248 | D:5      | Learned a level 4 spell: Iskenderun's Mystic Blast
  6366 | D:5      | Reached skill level 5 in Spellcasting
  6487 | D:5      | Found Kaurrux's Magic Scroll Boutique.
  6491 | D:5      | Bought a scroll of identify for 20 gold pieces
  6491 | D:5      | Bought a scroll of identify for 20 gold pieces
  6491 | D:5      | Bought a scroll of identify for 20 gold pieces
  6491 | D:5      | Bought a scroll of identify for 20 gold pieces
  6491 | D:5      | Bought a scroll of identify for 20 gold pieces
  6880 | D:6      | Found a sparkling altar of Nemelex Xobeh.
  7160 | D:6      | Found a glowing golden altar of the Shining One.
  7165 | D:6      | Reached skill level 7 in Conjurations
  7667 | D:6      | Found a staircase to the Ecumenical Temple.
  7679 | Temple   | Entered the Ecumenical Temple
  7942 | D:6      | Reached skill level 1 in Fighting
  8882 | D:7      | Reached XP level 9. HP: 64/64 MP: 13/18
  9203 | D:7      | Found a blossoming altar of Fedhas.
  9303 | D:7      | Reached skill level 5 in Stealth
 10316 | D:8      | Found a transporter.
 10331 | D:8      | Noticed Gastronok
 10375 | D:8      | You fall into a shaft and drop 3 floors!
 10440 | D:11     | Noticed a troll
 10448 | D:11     | Killed a troll
 10449 | D:11     | Reached skill level 8 in Conjurations
 10455 | D:11     | Reached skill level 1 in Hexes
 10608 | D:11     | Noticed a skeletal warrior
 10608 | D:11     | Noticed a skeletal warrior
 10609 | D:11     | Noticed a skeletal warrior
 10846 | D:11     | Reached skill level 1 in Translocations
 11004 | D:10     | Entered Level 10 of the Dungeon
 11277 | D:10     | Reached XP level 10. HP: 38/73 MP: 0/21
 11696 | D:8      | Reached skill level 9 in Conjurations
 11785 | D:8      | Found a radiant altar of Vehumet.
 11794 | D:8      | Became a worshipper of Vehumet
 11849 | D:8      | Found a transporter.
 12108 | D:8      | Found an ancient bone altar of Kikubaaqudgha.
 12219 | D:8      | Reached skill level 5 in Dodging
 12368 | D:8      | Found a transporter.
 12374 | D:8      | Found a transporter.
 12381 | D:8      | Identified the +0 pair of gloves "Jaeguv" {Harm Rampage rC-
                  | rN+}
 12766 | D:8      | Found a staircase to the Lair.
 12902 | D:8      | Killed Gastronok
 13043 | D:8      | Noticed Pikel
 13053 | D:8      | Killed Pikel
 13205 | D:8      | Found a hazy altar of Hepliaklqana.
 13254 | Lair:1   | Entered Level 1 of the Lair of Beasts
 13352 | D:8      | Reached * piety under Vehumet
 13352 | D:8      | Offered knowledge of Freeze by Vehumet.
 13355 | D:8      | Reached XP level 11. HP: 43/82 MP: 18/23
 13603 | Lair:1   | Reached skill level 10 in Conjurations
 13800 | Lair:1   | Noticed Maggie
 13801 | Lair:1   | Noticed Prince Ribbit
 13804 | Lair:1   | Killed Prince Ribbit
 13985 | Lair:2   | Found a hole to the Spider Nest.
 13992 | Lair:2   | HP: 4/126 [redback (10)]
 13992 | Lair:2   | Slain by an elephant

Illustrated notes

Levels and vault maps discovered:
D:1:      mrwooster_arrival_statue_3, layout_basic
D:2:      layout_basic, uniq_jessica
D:3:      layout_loops_ring, corexii_hall_statues_u
D:4:      layout_basic, uniq_sigmund
D:5:      layout_layer_cave, mainiacjoe_overflow_paths, serial_shops,
          nicolae_shop_back_alley_shop
D:6:      layout_loops_ring, nemelex_diamond_rough_becter,
          nicolae_tso_carved_into_rock, minmay_temple_entry_large_hall
D:7:      layout_layer_cave, fedhas_bush_and_centaur_altar
D:8:      layout_basic, vehumet_statue, lemuel_coloured_pillars_altar,
          kennysheep_mini_moat, dpeg_oklobed_lair, nicolae_diode_intersection,
          uniq_gastronok, uniq_pikel
D:9:      layout_cave_pools, lemuel_mausoleum_altar_yredelemnul,
          mainiacjoe_overflow_boulevard, minmay_librarian, uniq_joseph
D:10:     layout_long_grid, grunt_temple_overflow_bloody_war, zin_scriptorium,
          kennysheep_generic_room_12, uniq_urug
D:11:     layout_irregular_city
Temple:   eino_wide_crystal_templ
Lair:1:   layout_hall_layers, grunt_megastairs_5, lemuel_fruit_fields,
          uniq_maggie, uniq_prince_ribbit2
Lair:2:   layout_regular_city, spider_nest_entry_a, minivault_24,
          serial_bayou_shore_a, lemuel_fruit_tree

Skill      XL: |  1  2  3  4  5  6  7  8  9 10 11 |
---------------+----------------------------------+-----
Conjurations   | 5 6 7 8 9 10 | 10.5
Stealth        | 2 3 4 5 |  5.2
Throwing       | 1 2 3 |  3.6
Dodging        | 2 3 4 5 6 |  6.6
Spellcasting   | 3 4 6 7 8 9 |  9.5
Polearms       | 1 2 4 |  4.8
Fighting       | 1 3 4 |  4.3
Hexes          | 2 3 |  3.4
Translocations | 1 2 |  2.5
Evocations     | |  0.6

Action                     |  1- 3 |  4- 6 |  7- 9 | 10-12 || total
---------------------------+-------+-------+-------+-------++-------
  Melee: Trident           |    13 |       |    28 |    34 ||    75
         Tailslap          |     3 |       |     3 |    14 ||    20
         Punch             |       |       |     1 |       ||     1
  Throw: Javelin           |    11 |    12 |    18 |       ||    41
         Throwing net      |       |       |     1 |       ||     1
   Cast: Magic Dart        |    24 |    55 |    59 |    23 ||   161
         Searing Ray       |     9 |    22 |    63 |    45 ||   139
         Iskenderun's Myst |       |       |     4 |    15 ||    19
         Fulminant Prism   |       |       |    15 |    22 ||    37
         Dazzling Flash    |       |       |     1 |       ||     1
Ability: Breathe Lightning |       |       |     6 |     1 ||     7
  Evoke: Wand              |       |       |     1 |     1 ||     2
    Use: Scroll            |     3 |     5 |    10 |     2 ||    20
         Potion            |       |     1 |     5 |     4 ||    10
   Stab: Sleeping          |     2 |       |       |       ||     2
         Invisible         |       |       |     1 |       ||     1
 Armour: Skin              |     2 |     4 |    59 |    86 ||   151
  Dodge: Dodged            |    10 |     9 |   111 |   119 ||   249

Table legend: (Time is in decaauts)
 A = Elapsed time spent in this place.
 B = Non-inter-level travel time spent in this place.
 C = Inter-level travel time spent in this place.
 D = Time resting spent in this place.
 E = Time spent auto-exploring this place.
 F = Levels seen in this place.
 G = Mean time per level.
                   A        B        C        D        E       F      G
               +--------+--------+--------+--------+--------+-----+--------+
         Total |  14058 |  13591 |    467 |   4965 |   6500 |  14 | 1004.1 |
       Dungeon |  13413 |  12966 |    447 |   4664 |   6363 |  11 | 1219.4 |
        Temple |     99 |     80 |     19 |      0 |     71 |   1 |   99.0 |
          Lair |    544 |    544 |      0 |    301 |     66 |   2 |  272.0 |
               +--------+--------+--------+--------+--------+-----+--------+

Top non-repeatable levels by time:
     D:8: 1966 daAuts
     D:7: 1925 daAuts
     D:5: 1861 daAuts
     D:6: 1636 daAuts
     D:4: 1412 daAuts
     D:2: 1327 daAuts
     D:1: 1087 daAuts
     D:3: 984 daAuts
    D:11: 855 daAuts
  Lair:1: 406 daAuts
     D:9: 186 daAuts
    D:10: 169 daAuts
  Lair:2: 138 daAuts
  Temple: 99 daAuts
